 Dungeon Crawl Stone Soup version 0.17-a0-1181-gabc46e6 (webtiles) character file.

101 Chiseanne the Chucker (level 5, -3/31 HPs)
             Began as a Kobold Hunter on June 1, 2015.
             Slain by Mulkerokala's ghost (8 damage)
             ... on level 3 of the Dungeon.
             The game lasted 00:07:47 (3003 turns).

Chiseanne the Chucker (Kobold Hunter)               Turns: 3003, Time: 00:07:47

Health: -3/31      AC:  5    Str: 11    XL:     5   Next: 4%
Magic:  5/5        EV: 14    Int:  9    God:
Gold:   106        SH:  0    Dex: 17    Spells: 0 memorised, 4 levels left

rFire  . . .     SeeInvis .     a - +1 short sword
rCold  . . .     Clarity  .     j - +0 ring mail
rNeg   . . .     SustAt   .     (shield restricted)
rPois  .         Gourm    .     (no helmet)
rElec  .         Spirit   .     (no cloak)
rCorr  .         Warding  .     (no gloves)
rMut   .         Stasis   .     (no boots)
MR     .....                    k - amulet of regeneration
Stlth  +.........               (no ring)
                                (no ring)

@: not resistant to hostile enchantments, very unstealthy
A: carnivore 3
a: no special abilities


You were on level 3 of the Dungeon.
You were completely stuffed.

You visited 1 branch of the dungeon, and saw 3 of its levels.

You collected 106 gold pieces.

Inventory:

Hand weapons
 a - a +1 short sword (weapon)
Missiles
 b - 2 tomahawks (quivered)
 c - 2 throwing nets
 h - 47 stones
 i - 7 arrows of frost
 o - 8 javelins
 q - 14 bolts
 r - 4 javelins of penetration
Armour
 j - a +0 ring mail (worn)
Jewellery
 k - an amulet of regeneration (around neck)
Potions
 d - a potion of curing
 n - a potion of lignification {unknown}
 p - a potion of haste {unknown}
Comestibles
 e - a meat ration
 f - a beef jerky
 g - a chunk of flesh


   Skills:
 * Level 2.5 Fighting
 * Level 6.8 Throwing
 * Level 1.3 Armour
 * Level 3.1 Dodging
 - Level 1.3 Stealth


You had 4 spell levels left.
You didn't know any spells.

Dungeon Overview and Level Annotations

Branches:
Dungeon (3/15)

Altars:

Annotations:
D:2 Sigmund
D:3 Mulkerokala's ghost, weakling FeEn


Innate Abilities, Weirdness & Mutations

You are small and have problems with some larger weapons.
You are carnivorous and can eat meat at any time.


Message History

Ouch! That really hurt!
Throwing (i - inventory. (,) - cycle):
b - 4 tomahawks (quivered)
Press: ? - help, Shift-Dir - straight line, f/p - Mulkerokala's ghost
Aim: Mulkerokala's ghost (severely damaged)
You throw a tomahawk.
The tomahawk closely misses Mulkerokala's ghost.
Mulkerokala's ghost hits you but does no damage.
Mulkerokala's ghost stares at you and mumbles some strange words.
You fall asleep.
Mulkerokala's ghost casts a spell at you.
You resist with some effort. Mulkerokala's ghost hits you!
You wake up.
* * * LOW HITPOINT WARNING * * *
Throwing (i - inventory. (,) - cycle):
b - 3 tomahawks (quivered)
Press: ? - help, Shift-Dir - straight line, f/p - Mulkerokala's ghost
Aim: Mulkerokala's ghost (heavily damaged)
You throw a tomahawk.
The tomahawk barely misses Mulkerokala's ghost.
Mulkerokala's ghost hits you!
You die...

############......####.###
##.....##.....####......###
##.........).)..#####..###..
#................# ##.....#
#................####....###
#........<............##...#
#...............>...........
#.................###.####..
#..........@W.(..(# #.# ###
##..............#.###.# #
##.....##.....##..##รท# #
################.##.# #
#.##.# # #.##.# # ##.##.# .
####...#.## . #....<.>..# .


You could see Mulkerokala's ghost.

Vanquished Creatures
  An orc wizard (D:3)
  2 adders
  A worm (D:3)
  2 giant geckos (D:1)
  An orc (D:3)
  A ball python (D:2)
  7 bats
  2 giant cockroaches
  5 goblins
  6 hobgoblins
  9 jackals
  4 kobolds
  A quokka (D:3)
  4 rats
46 creatures vanquished.

Notes
Turn   | Place    | Note
--------------------------------------------------------------
     0 | D:1      | Chiseanne the Kobold Hunter began the quest for the Orb.
     0 | D:1      | Reached XP level 1. HP: 12/12 MP: 1/1
   124 | D:1      | Reached XP level 2. HP: 17/17 MP: 2/2
   661 | D:1      | Reached skill level 6 in Throwing
   983 | D:1      | Reached XP level 3. HP: 21/21 MP: 3/3
  2316 | D:2      | Noticed Sigmund
  2502 | D:3      | Reached XP level 4. HP: 27/27 MP: 4/4
  2533 | D:3      | Reached skill level 1 in Armour
  2892 | D:3      | Reached XP level 5. HP: 24/31 MP: 5/5
  2990 | D:3      | Noticed Mulkerokala's ghost (weakling FeEn)
  3003 | D:3      | Slain by Mulkerokala's ghost

Vault maps used:
D:1:      tarquinn_simple_flora_water_c
D:2:      roderic_serpentine_path, uniq_sigmund
D:3:      first_bread

Action                   |  1- 3 |  4- 6 || total
-------------------------+-------+-------++-------
Melee: Short sword       |    69 |    35 ||   104
Throw: Tomahawk          |    45 |    25 ||    70
  Use: Scroll            |     4 |     1 ||     5
 Stab: Sleeping          |     2 |       ||     2
  Eat: Chunk             |    13 |     2 ||    15
